 Dungeon Crawl Stone Soup version 0.16-a0-3354-g045d5c7 (webtiles) character file.

23 BluebellGnoll the Magician (level 3, -1/21 HPs)
             Began as an Octopode Wanderer on Dec 29, 2014.
             Succumbed to an adder's poison
             ... on level 2 of the Dungeon.
             The game lasted 00:04:50 (947 turns).

BluebellGnoll the Magician (Octopode Wanderer)       Turns: 947, Time: 00:04:50

Health: -1/21      AC:  1    Str: 13    XL:     3   Next: 0%
Magic:  1/7        EV: 11    Int: 14    God:
Gold:   66         SH:  0    Dex: 10    Spells: 1 memorised, 7 levels left

rFire  . . .     SeeInvis +     a - +2 dagger
rCold  . . .     Clarity  .     (no shield)
rNeg   . . .     SustAb   .     (helmet restricted)
rPois  .         Gourm    .     (no amulet)
rElec  .         Spirit   .     h - ring of see invisible
rCorr  .         Warding  .     (no ring)
rMut   .         Stasis   .     (no ring)
MR     .....                    (no ring)
Stlth  +++.......               (no ring)
                                (no ring)
                                (no ring)
                                (no ring)

@: lethally poisoned, flying, very slightly contaminated, not resistant to
hostile enchantments, fairly stealthy
A: almost no armour, amphibious, 8 rings, constrict 8, camouflage 1, gelatinous
body 1
a: no special abilities


You were on level 2 of the Dungeon.
You were not hungry.

You visited 1 branch of the dungeon, and saw 2 of its levels.

You collected 66 gold pieces.

Inventory:

Hand weapons
 a - a +2 dagger (weapon)
Missiles
 g - 21 stones (quivered)
 o - 26 sling bullets
Jewellery
 h - a ring of see invisible (left tentacle)
Scrolls
 b - a scroll of blinking
 e - a scroll of teleportation {unknown}
 i - a scroll of remove curse {unknown}
 l - a scroll of enchant armour {unknown}
 m - a scroll of identify {unknown}
 n - a scroll of enchant weapon {unknown}
Books
 c - the Almanac of Companions

   Spells                             Type                      Level
   a - Summon Butterflies             Summoning                    1
   b - Recall                         Summoning/Translocation      3
 d - the Compendium of Evil

   Spells                             Type                      Level
   a - Pain                           Necromancy                   1
   b - Sublimation of Blood           Necromancy                   2
Comestibles
 f - 2 bread rations
 j - 2 chunks of flesh
 k - a beef jerky


   Skills:
 * Level 1.6 Short Blades
 * Level 3.0 Stealth
   Level 1.0 Shields
 - Level 3.0 Spellcasting
   Level 2.0 Summonings
 - Level 1.0 Necromancy
   Level 1.0 Transmutations
   Level 1.0 Ice Magic


You had 7 spell levels left.
You knew the following spells:

 Your Spells              Type           Power        Failure   Level  Hunger
a - Pain                  Necr           #...         17%         1    #......


Dungeon Overview and Level Annotations

Branches:
Dungeon (2/15)

Altars:


Innate Abilities, Weirdness & Mutations

You cannot wear most types of armour.
You are amphibious.
You can wear up to eight rings at the same time.
You can use your tentacles to constrict many enemies at once.
Your skin changes colour to match your surroundings (Stealth).
Your rubbery body absorbs attacks (AC +1).


Message History

You closely miss the adder. You grab the adder. You constrict the adder.
You feel sick. The adder bites you.
* * * LOW HITPOINT WARNING * * *
The adder bites you.
* * * LOW HITPOINT WARNING * * *
You are more poisoned.
The adder poisons you!
Drink which item? (? for menu, Esc to quit)
It was a potion of flight.
You feel very buoyant.
You fly up into the air.
You constrict the adder.
* * * LOW HITPOINT WARNING * * *
You feel sick. The adder bites you.
* * * LOW HITPOINT WARNING * * *
You are more poisoned.
The adder poisons you!
Drink which item? (? for menu, Esc to quit)
It was a potion of restore abilities.
You feel refreshed.
You constrict the adder.
You die...

### ..# #.#
#.# #S# #@#
#.#######..
#.<........
###########


You could see an adder.

Vanquished Creatures
  A giant gecko (D:1)
  6 bats (D:1)
  A giant cockroach (D:1)
  3 hobgoblins (D:1)
  4 jackals (D:1)
  3 kobolds (D:1)
  3 goblins (D:1)
21 creatures vanquished.

Notes
Turn   | Place    | Note
--------------------------------------------------------------
     0 | D:1      | BluebellGnoll, the Octopode Wanderer, began the quest for the Orb.
     0 | D:1      | BluebellGnoll set off with: a +2 dagger, a scroll of blinking, the Almanac of Companions, the Compendium of Evil, a bread ration
     0 | D:1      | Reached XP level 1. HP: 11/11 MP: 4/4
     0 | D:1      | Identified the Almanac of Companions
     0 | D:1      | Identified the Compendium of Evil
     2 | D:1      | Learned a level 1 spell: Pain
   140 | D:1      | Reached skill level 1 in Short Blades
   141 | D:1      | Reached XP level 2. HP: 9/17 MP: 3/6
   883 | D:1      | Reached XP level 3. HP: 17/21 MP: 4/7
   946 | D:2      | HP: 1/21 [adder (2)]
   947 | D:2      | Succumbed to an adder's poison

Action                   || total
-------------------------++-------
Melee: Dagger            ||    39
 Cast: Pain              ||    15
  Use: Potion            ||     2
 Stab: Sleeping          ||     3
